 Dungeon Crawl Stone Soup version 0.19.0-18-g426998a (webtiles) character file.

268 Angani the Magician (level 6, -2/44 (45) HPs)
             Began as a Draconian Conjurer on Oct 30, 2016.
             Was an Initiate of Gozag.
             Slain by a flying skull (9 damage)
             ... created by the anger of Yredelemnul
             ... on level 3 of the Dungeon on Nov 12, 2016.
             The game lasted 00:15:27 (3426 turns).

Angani the Magician (Draconian Conjurer)            Turns: 3426, Time: 00:15:27

HP:   -2/44 (45)    AC:  8    Str: 10    XL:     6   Next: 0%
MP:   10/14         EV: 12    Int: 17    God:    Gozag
Gold: 149           SH:  0    Dex: 12    Spells: 1 memorised, 15 levels left

rFire  . . .     SeeInvis +     q - +4 dagger
rCold  . . .     Gourm    .     (armour unavailable)
rNeg   . . .     Faith    .     (no shield)
rPois  .         Spirit   .     (helmet restricted)
rElec  .         Reflect  .     (no cloak)
rCorr  .         Harm     .     (no gloves)
MR     .....                    m - +1 pair of boots
Stlth  ++........               f - amulet of rage
                                (no ring)
                                k - ring of see invisible

@: no status effects
A: unfitting armour, cold-blooded, AC +6
a: Potion Petition, Call Merchant, Bribe Branch, Renounce Religion, Evoke
Berserk Rage


You were on level 3 of the Dungeon.
You worshipped Gozag.
Gozag was aware of your devotion.
You were very hungry.

You visited 1 branch of the dungeon, and saw 3 of its levels.

You collected 183 gold pieces.
You paid 34 gold pieces to Gozag.

Inventory:

Hand Weapons
 q - a +4 dagger (weapon)
Armour
 g - +0 ice dragon scales
 m - a +1 pair of boots (worn)
Jewellery
 f - an amulet of rage (around neck)
 k - a ring of see invisible (left hand)
Scrolls
 e - a scroll of identify
 j - a scroll of enchant weapon
 o - a scroll of recharging
 p - a scroll of enchant armour
 t - a scroll of magic mapping {unknown}
 u - a scroll of amnesia {unknown}
Potions
 h - 2 potions of flight {unknown}
 i - a potion of ambrosia {unknown}
 s - a potion of agility
Books
 a - a book of Conjurations

   Spells                             Type                      Level
   a - Magic Dart                     Conjuration                  1
   b - Searing Ray                    Conjuration                  2
   c - Dazzling Spray                 Conjuration/Hexes            3
   d - Fulminant Prism                Conjuration/Hexes            4
   e - Iskenderun's Mystic Blast      Conjuration                  4
   f - Iskenderun's Battlesphere      Conjuration/Charms           5
Comestibles
 b - 3 bread rations
 c - a slice of pizza
 d - 7 fruits


   Skills:
 - Level 1.7 Dodging
 - Level 1.7 Stealth
 + Level 5.8 Spellcasting
 - Level 4.0 Conjurations


You had 15 spell levels left.
You knew the following spells:

 Your Spells              Type           Power        Failure   Level  Hunger
a - Magic Dart            Conj           ###.         2%          1    None


Dungeon Overview and Level Annotations

Branches:
Dungeon (3/15)

Altars:
Cheibriados
Gozag
Uskayaw
Yredelemnul


Innate Abilities, Weirdness & Mutations

Your plain brown scales are hard. (AC +6)
You cannot fit into any form of body armour.
You are cold-blooded and may be slowed by cold attacks.


Message History

It was a scroll of remove curse.
The flying skull misses you.
The flying skull hits you but does no damage.
As you read the scroll labeled UDEOTS GIOMEE, it crumbles to dust.
The scroll dissolves into smoke.
It was a scroll of fog.
The flying skull barely misses you. The flying skull hits you.
The flying skull hits you but does no damage.
The flying skull closely misses you.
As you read the scroll labeled FUGUOM UHOE, it crumbles to dust.
It is a scroll of recharging.
You aren't carrying any rechargeable items.
The flying skull closely misses you.
The flying skull hits you but does no damage.
As you read the scroll labeled NUOBOT DYFFULL, it crumbles to dust.
It is a scroll of enchant armour.
Your +0 pair of boots glows green for a moment.
The flying skull hits you! x3
* * * LOW HITPOINT WARNING * * *
The flying skull hits you!
You die...
Your body crumbles into a pile of gold.

.........######
###...........#
#......####.# #......#
#.# #......# #.#
#......# #.# #......#
#.#
###......####.########
..<.........>.zz@zz..#
....###.......######.#
....# #.#######
#.####### ....# #.#
#..)....# ....# #.#
#######.# ....# #.#
#.# ....###.# #.#
....#...# #.#
##..#.#.###### #[#


You could see 4 flying skulls.

Vanquished Creatures
  A necrophage (D:3)
  Jessica (D:3)
  Natasha (D:3)
  4 gnolls (D:2)
  2 adders (D:3)
  An adder zombie (D:3)
  2 worms (D:2)
  2 dart slugs
  A leopard gecko (D:3)
  3 orcs (D:3)
  A giant cockroach (D:3)
  9 goblins
  6 hobgoblins
  2 jackals (D:3)
  3 quokkas
  8 bats
  3 frilled lizards
  4 kobolds
  A quokka zombie (D:3)
  9 rats
64 creatures vanquished.

Notes
Turn   | Place    | Note
-------+----------+-------------------------------------------
     0 | D:1      | Angani the Draconian Conjurer began the quest for the Orb.
     0 | D:1      | Reached XP level 1. HP: 14/14 MP: 3/3
   308 | D:1      | Reached XP level 2. HP: 20/20 MP: 0/5
   761 | D:1      | Reached skill level 3 in Spellcasting
  1334 | D:2      | Reached XP level 3. HP: 26/26 MP: 3/7
  1528 | D:2      | Found a hide-covered altar of Uskayaw.
  1882 | D:2      | Upgraded the game from 0.19-b1-4-gd8a0a2a to 0.19.0-18-g426998a
  2047 | D:2      | Reached skill level 4 in Spellcasting
  2047 | D:2      | Reached XP level 4. HP: 33/33 MP: 3/10
  2225 | D:2      | Found a faded altar of an unknown god.
  2239 | D:2      | Became a worshipper of Yredelemnul the Dark
  2239 | D:2      | Reached * piety under Yredelemnul
  2239 | D:2      | Fell from the grace of Yredelemnul
  2833 | D:3      | Found an opulent altar of Gozag.
  2914 | D:3      | Became a worshipper of Gozag Ym Sagoz the Greedy
  2998 | D:3      | Noticed Natasha
  3005 | D:3      | Killed Natasha
  3005 | D:3      | Reached XP level 5. HP: 38/38 MP: 0/12
  3085 | D:3      | Noticed a necrophage
  3106 | D:3      | Killed a necrophage
  3106 | D:3      | Reached skill level 5 in Spellcasting
  3362 | D:3      | Found a snail-covered altar of Cheibriados.
  3403 | D:3      | Noticed Jessica
  3409 | D:3      | Killed Jessica
  3409 | D:3      | Reached XP level 6. HP: 44/44 MP: 8/14
  3422 | D:3      | Noticed a flying skull
  3422 | D:3      | Noticed a flying skull
  3422 | D:3      | Noticed a flying skull
  3422 | D:3      | Noticed a flying skull
  3426 | D:3      | Slain by a flying skull

Skill      XL: |  1  2  3  4  5 |
---------------+----------------+-----
Spellcasting   | 3 4 5 |  5.8
Dodging        | |  1.7
Stealth        | |  1.7
Conjurations   | |  4.0

Action                   |  1- 3 |  4- 6 || total
-------------------------+-------+-------++-------
Melee: Unarmed           |    49 |       ||    49
       Tailslap          |     7 |     1 ||     8
       Dagger            |     9 |    10 ||    19
 Cast: Magic Dart        |    73 |    98 ||   171
Invok: Renounce Religion |       |     1 ||     1
 Abil: Evoke Berserk Rag |       |     1 ||     1
  Use: Scroll            |       |     5 ||     5
  Eat: Chunk             |     4 |     3 ||     7
       Fruit             |       |     1 ||     1
Armor: Skin              |    25 |    13 ||    38
Dodge: Dodged            |    62 |    27 ||    89
